 Dungeon Crawl Stone Soup version 0.21-a0-176-gb3d4b37 (webtiles) character file.

648672 4thArraOfDagon the Demon Slayer (level 27, -6/252 (261) HPs)
             Began as a Gnoll Hunter on Aug 6, 2017.
             Was a High Priest of the Shining One.
             Succumbed to an emperor scorpion's poison
             ... on level 2 of the Tomb of the Ancients on Aug 8, 2017.
             The game lasted 05:03:21 (60283 turns).

4thArraOfDagon the Demon Slayer (Gnoll Hunter)     Turns: 60283, Time: 05:03:21

HP:   -6/252 (261)  AC: 40    Str:  7    XL:     27
MP:   40/40         EV: 15    Int:  7    God:    the Shining One [*****.]
Gold: 2787          SH:  0    Dex:  7    Spells: 40/51 levels left

rFire    + . .     SeeInvis .   o - +7 trishula (holy)
rCold    + + .     Gourm    .   (no shield)
rNeg     + + .     Faith    .   Y - +10 plate armour {rC+}
rPois    .         Spirit   .   b - +0 Maxwell's etheric cage {RegenMP+ *Contam rElec MP+4}
rElec    +         Reflect  .   U - scarf {rC+ rF+}
rCorr    .         Harm     .   q - +2 pair of gloves
MR       ++...                  D - +2 pair of boots {Fly}
Stlth    ..........             u - amulet of regeneration
HPRegen  0.92/turn              z - +5 ring of evasion
MPRegen  0.27/turn              T - +5 ring of evasion

@: lethally poisoned (-6 -> -75), slowed, glowing, very slow
A: unchanging attributes, fangs 1, icy blue scales 1, low mp 1, robust 1,
MP-powered wands, strong nose
}: 5/15 runes: barnacled, slimy, silver, golden, gossamer
a: Divine Shield, Cleansing Flame, Summon Divine Warrior, Renounce Religion,
Evoke Flight


You were on level 2 of the Tomb of the Ancients.
You worshipped the Shining One.
The Shining One was extremely pleased with you.
You were very full.

You visited 11 branches of the dungeon, and saw 51 of its levels.
You visited the Abyss 5 times.
You also visited: Labyrinth, Trove, Sewer, Bailey, Ice Cave and Wizlab.

You collected 5468 gold pieces.
You spent 2681 gold pieces at shops.

Inventory:

Hand Weapons
 o - a +7 trishula of holy wrath (weapon)
 H - the +12 scythe of Koup {slice, +Rage +Fly rF+ Stlth-}
   (You found it on level 6 of the Lair of Beasts)

   It inflicts extra damage upon your enemies.
   It protects you from fire.
   It lets you fly.
   It lets you go berserk.
   It makes you less stealthy.
Missiles
 e - 82 tomahawks
 i - 22 javelins of penetration (quivered)
 k - 11 silver javelins
 F - 18 javelins
 L - 9 throwing nets
 N - 12 tomahawks of returning
Armour
 b - the +0 Maxwell's etheric cage (worn) {RegenMP+ *Contam rElec MP+4}
   (You acquired it on level 1 of the Shoals)

   It insulates you from electricity.
   It affects your magic capacity (+4).
   It causes magical contamination when unequipped.
 q - a +2 pair of gloves (worn)
 D - a +2 pair of boots of flying (worn)
 U - a scarf of resistance (worn)
 Y - a +10 plate armour of cold resistance (worn)
Jewellery
 j - the ring "Qirghu" {rF++ AC+1}
   (You took it off a vault guard on level 5 of the Vaults)

   [ring of protection]

   It affects your AC (+1).
   It greatly protects you from fire.
 p - the cursed necklace of Bloodlust {*Rage +Rage MR++ Int-3 Slay+6 *Curse}
   (You took it off a deep elf sorcerer on level 3 of the Elven Halls)

   [amulet of rage]

   It affects your intelligence (-3).
   It affects your accuracy and damage with ranged weapons and melee attacks
   (+6).
   It affects your resistance to hostile enchantments.
   It lets you go berserk.
   It may make you go berserk in combat.
   It curses itself when equipped.
   It has a curse placed upon it.
 u - an amulet of regeneration (around neck)
 z - a +5 ring of evasion (left hand)
 Q - the ring "War Damp" {Wiz MR+}
   (You found it on level 5 of the Pits of Slime)

   [ring of wizardry]

   It improves your spell success rate.
   It affects your resistance to hostile enchantments.
 S - the ring of Cumoarr {rC+ Stlth+}
   (You took it off a deep elf elementalist on level 3 of the Elven Halls)

   [ring of stealth]

   It protects you from cold.
   It makes you more stealthy.
 T - a +5 ring of evasion (right hand)
Wands
 h - a wand of acid (15/15)
 y - a wand of digging (8/24)
 E - a wand of scattershot (5/9)
 W - a wand of clouds (4/9)
 X - a wand of digging (16/24)
Scrolls
 l - 7 scrolls of holy word
 m - 7 scrolls of fear
 r - 14 scrolls of remove curse
 v - 2 scrolls of magic mapping
 C - 2 scrolls of recharging
 I - 5 scrolls of teleportation
 P - 4 scrolls of fog
 V - 7 scrolls of blinking
Potions
 d - 2 potions of invisibility
 g - a potion of cancellation
 n - 10 potions of curing
 w - 3 potions of mutation
 x - 4 potions of agility
 B - 2 potions of might
 G - 5 potions of haste
 J - 5 potions of magic
 K - 9 potions of heal wounds
 O - 9 potions of brilliance
 R - 9 potions of ambrosia
 Z - 3 potions of resistance
Miscellaneous
 c - a lamp of fire
 t - 2 boxes of beasts
 A - a lightning rod (4/4)
 M - 4 phantom mirrors
Comestibles
 f - 4 bread rations
 s - 27 meat rations


   Skills:
 + Level 24.0 Fighting
   Level 10.9(19.8) Axes
 - Level 25.5(26.0) Polearms
 - Level 21.0 Throwing
 - Level 20.3 Armour
 - Level 13.1 Dodging
 - Level 1.2 Stealth
 - Level 12.5 Spellcasting
 - Level 7.0 Charms
 - Level 6.8 Necromancy
 - Level 16.4 Translocations
 O Level 27 Invocations
 - Level 11.1 Evocations


You had 40 spell levels left.
You knew the following spells:

 Your Spells              Type           Power        Failure   Level  Hunger
a - Apportation           Tloc           ####..       1%          1    None
b - Animate Skeleton      Necr           N/A          61%         1    None
c - Regeneration          Chrm/Necr      ##........   92%         3    ###....
d - Passage of Golubria   Tloc           N/A          16%         4    ####...
e - Blink                 Tloc           N/A          2%          2    #......


Dungeon Overview and Level Annotations

Branches:
Dungeon (15/15)            Temple (1/1) D:4            Lair (6/6) D:8
 Shoals (4/4) Lair:2       Spider (4/4) Lair:3        Slime (5/5) Lair:5
    Orc (2/2) D:11            Elf (3/3) Orc:2        Vaults (5/5) D:13
  Crypt (3/3) Vaults:2       Tomb (3/3) Crypt:3
 Depths: D:15

Altars:
Ashenzari
Cheibriados
Dithmenos
Elyvilon
Fedhas
Gozag
Hepliaklqana
Kikubaaqudgha
Makhleb
Nemelex Xobeh
Okawaru
Qazlal
Ru
Sif Muna
Trog
Uskayaw
Vehumet
Wu Jian
Xom
Yredelemnul
Zin
The Shining One
Beogh
Jiyva

Shops:
D:9 %(!   D:12 !   Orc:2 [=%?   Elf:1 :   Elf:2 ?   Vaults:3 [   Vaults:4 (}

Annotations:
D:14 exclusion: ice statue
Lair:5 exclusion: oklob plant
Lair:6 exclusion: oklob plant
Elf:2 3 runed doors
Elf:3 Gruesome's ghost, veteran FoFi
Vaults:2 Lunath's ghost, adept HOBe


Innate Abilities, Weirdness & Mutations

Your physical attributes are unchanging.
You have very sharp teeth.
Your uncanny sense of smell can sniff out nearby items.
You are partially covered in icy blue scales. (AC +2)
Your magical capacity is low. (-10% MP)
You are robust. (+10% HP)
You expend magic power (3 MP) to strengthen your wands.


Message History

* * * LOW HITPOINT WARNING * * *
You are more poisoned.
The emperor scorpion poisons you!
The emperor scorpion closely misses you.
The emperor scorpion claws you but does no damage.
The emperor scorpion is engulfed in dark miasma.
The emperor scorpion is poisoned.
The emperor scorpion seems to slow down.
The emperor scorpion barely misses you. x2; The emperor scorpion claws you.
* * * LOW HITPOINT WARNING * * *
The greater mummy calls on the powers of darkness!
The emperor scorpion convulses! x3; Your body is wracked with pain!
* * * LOW HITPOINT WARNING * * *
The emperor scorpion convulses!
The greater mummy points at you and mumbles some strange words.
Something smites you! The Shining One protects you from harm!
A mysterious force pulls you upwards. The hatch slams shut behind you.
The emperor scorpion disappears in a puff of smoke! x4
You die...

.#...###.....#.....#
.#..###<.....#.....#
....##.......#.....#
.............###'###
.............#.....#
......!......#.....#
####'#########.....#
#...^..#...........#
#...^..#........@..#
'^.....#........^M.#
#......#>..........#
####################


You could see a greater mummy.

Vanquished Creatures
  the Royal Jelly (Slime:5)
  4 ancient liches
  Mara (Tomb:2)
  15 greater mummies
  3 shard shrikes
  Saint Roka (Orc:1)
  Frederick (Vaults:5)
  2 bone dragons
  5 liches
  A profane servitor (Abyss:5)
  Arachne (Spider:2)
  2 Ice Fiends (IceCv)
  Jorgrun (Spider:3)
  A tentacled monstrosity (Vaults:5)
  4 deep elf blademasters (Elf:3)
  Asterion (Elf:2)
  A deep elf master archer (Elf:3)
  An Executioner (Abyss:5)
  4 tentacled starspawn
  5 titans (Vaults:5)
  24 acid blobs
  14 ancient champions
  9 sphinxes
  2 krakens (Shoals:1)
  7 storm dragons
  3 tengu reavers (Vaults:5)
  Ilsuiw (Shoals:3)
  A shadow dragon (Vaults:5)
  4 revenants
  2 fire giants
  Roxanne (Spider:3)
  8 azure jellies
  3 orc warlords
  A cacodemon (Abyss:3)
  A caustic shrike zombie (Crypt:2)
  5 ghost moths
  3 frost giants (Vaults:5)
  12 deep elf sorcerers
  8 iron dragons
  19 vault wardens
  13 ironheart preservers
  5 curse skulls
  7 deep elf elementalists
  7 ghouls
  4 emperor scorpions (Spider:4)
  8 very ugly things
  16 bennus
  13 stone giants
  8 deep elf demonologists
  8 vampire knights
  4 entropy weavers
  Nessos (Orc:2)
  A white draconian (Abyss:2)
  9 deep elf annihilators
  3 eidola
  3 merfolk javelineers
  14 deep elf death magi
  8 ettins
  10 death oozes
  A minotaur (Lab)
  Erolcha (D:10)
  15 merfolk impalers
  2 crystal guardians
  3 fire dragons
  14 ogre magi
  5 deep elf high priests
  11 jiangshi
  19 mummy priests
  6 great orbs of eyes
  30 vault guards
  10 yaktaur captains
  7 hydras
  Josephine (D:12)
  8 ice dragons
  2 rakshasas
  A catoblepas (Lair:6)
  6 death knights
  5 centaur warriors
  A merfolk avatar (Shoals:3)
  An alligator snapping turtle (Shoals:3)
  2 satyrs
  7 merfolk aquamancers
  A two-headed ogre (shapeshifter) (Vaults:4)
  18 dancing weapons
  39 two-headed ogres
  2 death yaks (Lair:6)
  A queen ant (shapeshifter) (Vaults:5)
  A deep troll shaman (Vaults:1)
  20 death scarabs
  A titan zombie (Vaults:4)
  12 vampire magi
  11 orc high priests
  6 thrashing horrors
  3 soul eaters
  20 deep elf knights
  A sun demon (Abyss:5)
  2 hell knights
  13 skeletal warriors
  A titan skeleton (Crypt:3)
  7 wretched stars
  3 sixfirhies (Abyss:3)
  6 shadow wraiths
  Nergalle (D:9)
  A death drake (Abyss:3)
  10 sea snakes
  2 shadow demons
  A ghost moth zombie (Tomb:2)
  4 unseen horrors
  A glowing orange brain (Vaults:3)
  4 deep trolls
  A swamp dragon (shapeshifter) (Vaults:5)
  3 wizards
  Pikel (D:8)
  An unseen horror (shapeshifter) (Vaults:3)
  8 flayed ghosts
  11 deep elf archers
  18 ironbrand convokers
  20 phantasmal warriors
  3 orc sorcerers
  6 necromancers
  11 orb spiders
  14 orc knights
  5 shining eyes
  18 wolf spiders
  13 cyclopes
  A stone giant zombie (Vaults:1)
  14 harpies
  12 fauns
  2 iron dragon zombies
  A mana viper (Abyss:3)
  24 manticores
  16 ugly things
  2 salamanders (shapeshifter)
  64 deep elf magi
  A manticore (shapeshifter) (Vaults:5)
  2 human zombies
  2 shadow dragon skeletons
  9 merfolk sirens
  7 elephants
  2 moths of wrath
  3 worldbinders
  An iron dragon skeleton (Tomb:1)
  16 large abominations
  2 cyclopes (shapeshifter) (Vaults:5)
  8 black mambas
  Maurice (D:13)
  3 guardian serpents (shapeshifter)
  2 stone giant skeletons (Vaults:4)
  2 dire elephant zombies
  Psyche (D:8)
  A gargoyle (D:12)
  4 smoke demons
  A storm dragon simulacrum (Vaults:1)
  4 eyes of devastation
  3 black mambas (shapeshifter)
  14 vault sentinels
  3 orange demons
  9 spiny frogs
  2 ice statues (IceCv)
  A rime drake (Lair:3)
  An elephant slug zombie (Crypt:2)
  A komodo dragon (shapeshifter) (Vaults:5)
  A hellion (Abyss:3)
  6 centaur skeletons
  A yaktaur (shapeshifter) (Vaults:3)
  A red draconian skeleton (Crypt:3)
  3 efreet
  41 guardian mummies
  10 freezing wraiths
  7 komodo dragons
  33 yaktaurs
  14 ice devils (IceCv)
  12 demonic crawlers
  A red devil (Abyss:5)
  A tengu conjurer (Elf:1)
  A pale draconian skeleton (Crypt:1)
  24 jumping spiders
  37 merfolk
  A troll (shapeshifter) (Vaults:3)
  7 polar bears
  A jumping spider (shapeshifter) (Vaults:3)
  5 ancient zymes
  A hornet (shapeshifter) (Elf:3)
  2 polar bears (shapeshifter)
  6 trolls
  7 wind drakes
  Grinder (D:4)
  A hippogriff (shapeshifter) (Vaults:1)
  92 slime creatures
  16 blink frogs
  2 dream sheep (shapeshifter)
  16 hornets
  A blink frog (shapeshifter) (Vaults:5)
  14 hippogriffs
  9 raiju
  A jumping spider zombie (Crypt:1)
  An alligator zombie (Crypt:2)
  12 snapping turtles
  2 bog bodies (Crypt:2)
  A raiju (shapeshifter) (Vaults:5)
  9 dream sheep
  24 flying skulls
  3 air elementals (Elf:2)
  An ettin skeleton (Vaults:1)
  A wyvern (shapeshifter) (D:13)
  A spriggan (shapeshifter) (Vaults:3)
  17 wraiths
  A shadow (D:10)
  81 redbacks
  4 ynoxinuls (Abyss:2)
  13 spriggans (Lair:6)
  25 tarantellas
  A yak (shapeshifter) (Vaults:4)
  24 water elementals
  3 basilisks
  An ice dragon skeleton (Crypt:2)
  8 ushabtiu
  5 wyverns
  A fire bat (shapeshifter) (Vaults:4)
  39 yaks
  A fire elemental (Elf:1)
  A human (D:8)
  A human (shapeshifter) (Elf:1)
  2 hungry ghosts
  3 hogs
  5 golden eyes
  3 chaos spawn
  5 neqoxecs
  12 wargs
  3 human simulacra
  4 insubstantial wisps (Abyss:5)
  A swamp worm (shapeshifter) (Vaults:5)
  An acid dragon (D:14)
  A naga (shapeshifter) (Vaults:3)
  A faun zombie (Crypt:2)
  10 water moccasins
  2 soldier ants
  A monstrous demonspawn skeleton (Crypt:2)
  7 porcupines
  A meliai simulacrum (D:14)
  A swamp drake (shapeshifter) (Elf:3)
  4 ice beasts
  5 sky beasts
  36 orc warriors
  A slave (D:8)
  2 black bears
  6 starcursed masses (Abyss:5)
  A deep troll skeleton (Crypt:1)
  2 eyes of draining
  A hornet zombie (D:10)
  Purgy (Sewer)
  A black bear (shapeshifter) (Vaults:4)
  3 phantoms
  9 boggarts
  4 necrophages
  42 ogres
  7 centaurs
  23 wolves
  A dream sheep skeleton (Crypt:1)
  11 crocodiles
  An elephant skeleton (Crypt:1)
  A human skeleton (Vaults:1)
  6 big kobolds
  A rime drake skeleton (Crypt:1)
  21 bullfrogs
  2 gnoll sergeants
  4 earth elementals
  A wyvern skeleton (D:10)
  2 water moccasin zombies
  2 scorpions
  A water moccasin skeleton (D:10)
  11 small abominations
  An orc simulacrum (Vaults:1)
  5 wights (D:10)
  8 killer bees
  7 jellies
  10 howler monkeys
  3 electric eels (D:14)
  4 lava snakes (Lab)
  6 crimson imps
  A bullfrog zombie (D:4)
  4 centaur zombies
  A quasit (Abyss:2)
  A black bear zombie (Crypt:3)
  7 hounds
  29 orc wizards
  46 orc priests
  2 iron imps (Abyss:2)
  6 bullfrog skeletons
  8 iguanas
  14 worker ants
  2 hound skeletons
  2 hound zombies
  33 mummies
  5 worker ant zombies
  19 gnolls
  8 adders
  4 shadow imps
  10 white imps
  7 ufetubi
  2 oozes
  An adder skeleton (D:4)
  A lava snake skeleton (Crypt:1)
  3 worms
  2 barachi zombies (Crypt:3)
  4 dart slugs (D:1)
  8 leopard geckos
  98 orcs
  A ball python (D:4)
  7 giant cockroaches
  16 goblins
  5 hobgoblins
  9 jackals
  46 kobolds
  5 quokkas
  A ball python skeleton (D:5)
  6 bats
  7 frilled lizards
  A jackal skeleton (D:4)
  A leopard gecko skeleton (D:4)
  7 rats
  A fungus (Lair:2)
  11 plants
  A starspawn tentacle (Abyss:3)
  5 tentacles (Shoals:1)
2485 creatures vanquished.

Vanquished Creatures (collateral kills)
  The ghost of heinrich the Eclecticist, a master BaWn of Cheibriados (Tomb:2)
  14 greater mummies
  A profane servitor (Crypt:1)
  A bone dragon (Crypt:1)
  Rupert (D:14)
  A tentacled monstrosity (Vaults:3)
  A lich (Abyss:5)
  Kirke (D:13)
  Louise (Shoals:1)
  Aizul (Shoals:2)
  An ironheart preserver (Vaults:2)
  A mummy priest (Tomb:2)
  A green death (Abyss:5)
  A deep elf high priest (Elf:3)
  A catoblepas (D:14)
  A death knight (Crypt:1)
  3 death yaks (Lair:6)
  2 thrashing horrors (Abyss:5)
  A deep elf mage (Elf:3)
  A black mamba (Lair:6)
  A centaur skeleton (D:14)
  A komodo dragon (Lair:2)
  A freezing wraith (Crypt:1)
  2 guardian mummies (Tomb:2)
  4 raiju (Abyss:5)
  4 blink frogs (Abyss:5)
  2 flying skulls (Tomb:1)
  2 water elementals (D:14)
  An air elemental (Abyss:5)
  A small abomination (Abyss:5)
  2 large abominations (Abyss:5)
  An ushabti (Tomb:2)
  A yak (Lair:2)
  2 orc warriors
  A starcursed mass (Abyss:5)
  2 orc priests (Orc:2)
  A mummy (Tomb:2)
  2 orcs
67 creatures vanquished.

Vanquished Creatures (others)
  A deep elf knight (Elf:3)
  2 skeletal warriors (Tomb:2)
  2 deep elf magi (Elf:1)
  An orc knight (Vaults:1)
  A flying skull (Tomb:2)
  A human (D:13)
  2 orc warriors
  3 slaves (D:8)
  An ogre (Vaults:1)
  2 orc priests
  A human skeleton (Tomb:2)
  An orc wizard (D:8)
  2 mummies
  A steam dragon skeleton (Crypt:1)
  3 ufetubi (IceCv)
  3 orcs
  6 bushes (Lair:2)
  A demonic plant (Abyss:3)
  28 fungi
  2 lurking horrors
  25 plants
  7 starspawn tentacles
  12 tentacles (Shoals:1)
108 creatures vanquished.

Grand Total: 2660 creatures vanquished

Notes
Turn   | Place    | Note
-------+----------+-------------------------------------------
     0 | D:1      | 4thArraOfDagon the Gnoll Hunter began the quest for the Orb.
     0 | D:1      | Reached XP level 1. HP: 17/17 MP: 1/1
   154 | D:1      | Reached XP level 2. HP: 11/23 MP: 2/2
   556 | D:3      | Reached XP level 3. HP: 13/29 MP: 3/3
   664 | D:3      | Found a stormy altar of Qazlal.
   711 | D:3      | Became a worshipper of Qazlal Stormbringer
   938 | D:3      | Found a glowing drain.
   948 | Sewer    | Entered a sewer
  1140 | Sewer    | Noticed Purgy
  1189 | Sewer    | Killed Purgy
  1189 | Sewer    | Reached XP level 4. HP: 20/37 MP: 4/4
  1189 | Sewer    | Reached XP level 5. HP: 23/42 MP: 5/5
  1920 | D:1      | Reached * piety under Qazlal
  2246 | D:2      | Found a faded altar of an unknown god.
  2868 | D:4      | Reached XP level 6. HP: 36/49 MP: 6/6
  2886 | D:4      | Reached skill level 1 in Invocations
  3009 | D:4      | Noticed Grinder
  3011 | D:4      | Paralysed by Grinder for 4 turns
  3046 | D:3      | Reached skill level 5 in Fighting
  3046 | D:3      | Reached skill level 2 in Invocations
  3208 | D:4      | You fall through a shaft!
  3208 | D:5      | Entered Level 5 of the Dungeon
  3257 | D:5      | Reached XP level 7. HP: 22/56 MP: 7/9
  3259 | D:5      | Reached skill level 3 in Invocations
  3524 | D:5      | Reached ** piety under Qazlal
  3599 | D:5      | Reached skill level 4 in Invocations
  3605 | D:5      | Gained mutation: You are occasionally teleported next to monsters. [mutagenic meat]
  3606 | D:5      | Gained mutation: Your spells are a little harder to cast, but a little more powerful. [mutagenic meat]
  3608 | D:5      | Gained mutation: Your spells are harder to cast, but more powerful. [mutagenic meat]
  3609 | D:5      | Lost mutation: Your spells are harder to cast, but more powerful. [mutagenic meat]
  3656 | D:5      | Reached skill level 10 in Throwing
  3753 | D:5      | Reached XP level 8. HP: 48/64 MP: 11/11
  3864 | D:5      | Lost mutation: You are occasionally teleported next to monsters. [potion of mutation]
  3864 | D:5      | Lost mutation: Your spells are a little harder to cast, but a little more powerful. [potion of mutation]
  3864 | D:5      | Gained mutation: You occasionally shout uncontrollably at your foes. [potion of mutation]
  3864 | D:5      | Gained mutation: You are resistant to hostile enchantments. (MR+) [potion of mutation]
  3864 | D:5      | Gained mutation: You passively map a small area around you. [potion of mutation]
  3962 | D:5      | Reached skill level 1 in Armour
  4069 | D:5      | Reached skill level 5 in Invocations
  4247 | D:4      | Killed Grinder
  4345 | D:4      | Found a staircase to the Ecumenical Temple.
  4726 | D:6      | Reached XP level 9. HP: 15/72 MP: 13/13
  5173 | D:6      | Reached skill level 6 in Invocations
  5633 | D:7      | Found a flagged portal.
  5674 | Bailey   | Entered a bailey
  5679 | Bailey   | Noticed an orc warlord
  5974 | Bailey   | Found a runed gate.
  5974 | Bailey   | Found a runed gate.
  5982 | Bailey   | Found a runed gate.
  6021 | Bailey   | Reached *** piety under Qazlal
  6147 | Bailey   | Killed an orc warlord
  6147 | Bailey   | Reached skill level 7 in Invocations
  6147 | Bailey   | Reached XP level 10. HP: 38/83 MP: 11/15
  6208 | Bailey   | Reached XP level 11. HP: 53/89 MP: 16/16
  7105 | D:8      | Noticed a two-headed ogre
  7111 | D:8      | Killed a two-headed ogre
  7111 | D:8      | Reached skill level 8 in Invocations
  7155 | D:8      | Noticed Pikel
  7177 | D:8      | Killed Pikel
  7264 | D:8      | Noticed a two-headed ogre
  7267 | D:8      | Noticed Psyche
  7272 | D:8      | Killed a two-headed ogre
  7273 | D:8      | Killed Psyche
  7871 | D:8      | Found a staircase to the Lair.
  7932 | D:8      | Reached skill level 10 in Fighting
  8093 | D:8      | Reached skill level 9 in Invocations
  8305 | D:8      | Noticed a two-headed ogre
  8313 | D:8      | Killed a two-headed ogre
  8314 | D:8      | Reached **** piety under Qazlal
  8327 | D:8      | Noticed a two-headed ogre
  8334 | D:8      | Noticed a six-headed hydra
  8370 | D:8      | Killed a six-headed hydra
  8371 | D:8      | Killed a two-headed ogre
  8371 | D:8      | Reached XP level 12. HP: 93/98 MP: 1/19
  8775 | D:9      | Found Naytsek's Food Shoppe.
  9024 | Lair:1   | Entered Level 1 of the Lair of Beasts
  9301 | D:9      | Found Anus's Antique Weapon Shop.
  9304 | D:9      | Bought a brightly glowing rapier for 270 gold pieces
  9304 | D:9      | Identified the +7 rapier of Gloom {freeze, Str+7} (You bought it in a shop on level 9 of the Dungeon)
  9309 | D:9      | Found Umax's Distillery.
  9318 | D:9      | Bought a potion of might for 56 gold pieces
  9318 | D:9      | Bought a potion of curing for 42 gold pieces
  9318 | D:9      | Bought a potion of curing for 42 gold pieces
  9318 | D:9      | Bought a potion of curing for 42 gold pieces
  9318 | D:9      | Bought a potion of lignification for 42 gold pieces
  9318 | D:9      | Bought a potion of mutation for 112 gold pieces
  9318 | D:9      | Bought a potion of lignification for 42 gold pieces
  9403 | D:10     | Entered Level 10 of the Dungeon
  9440 | D:10     | Noticed Nergalle
  9450 | D:9      | Killed Nergalle
  9593 | D:10     | Noticed a two-headed ogre
  9602 | D:10     | Killed a two-headed ogre
  9602 | D:10     | Reached skill level 10 in Invocations
  9621 | D:10     | Found an iron altar of Okawaru.
 10027 | D:10     | Reached ***** piety under Qazlal
 10390 | D:10     | Reached skill level 11 in Invocations
 10756 | D:10     | Noticed Erolcha
 10763 | D:10     | Killed Erolcha
 10881 | D:10     | Reached XP level 13. HP: 81/106 MP: 21/21
 11207 | D:11     | Reached skill level 5 in Dodging
 11355 | D:11     | Gained mutation: Scrolls take you a little longer to read. [mutagenic meat]
 11357 | D:11     | Gained mutation: Armour fits poorly on your strangely shaped body. [mutagenic meat]
 11358 | D:11     | Lost mutation: You passively map a small area around you. [potion of mutation]
 11358 | D:11     | Lost mutation: Scrolls take you a little longer to read. [potion of mutation]
 11358 | D:11     | Lost mutation: You are resistant to hostile enchantments. (MR+) [potion of mutation]
 11358 | D:11     | Gained mutation: Scrolls take you a little longer to read. [potion of mutation]
 11358 | D:11     | Gained mutation: You have large cloven feet. [potion of mutation]
 11359 | D:11     | Lost mutation: Scrolls take you a little longer to read. [potion of mutation]
 11359 | D:11     | Lost mutation: You occasionally shout uncontrollably at your foes. [potion of mutation]
 11359 | D:11     | Gained mutation: You have a pair of small horns on your head. [potion of mutation]
 11359 | D:11     | Gained mutation: You are partially covered in iridescent scales. (AC +2) [potion of mutation]
 11360 | D:11     | Lost mutation: You have a pair of small horns on your head. [potion of mutation]
 11360 | D:11     | Lost mutation: Armour fits poorly on your strangely shaped body. [potion of mutation]
 11360 | D:11     | Gained mutation: You have an increased reservoir of magic. (+10% MP) [potion of mutation]
 11360 | D:11     | Gained mutation: You are robust. (+10% HP) [potion of mutation]
 11360 | D:11     | Gained mutation: You are very robust. (+20% HP) [potion of mutation]
 11607 | D:11     | Found a staircase to the Orcish Mines.
 11611 | D:11     | Identified a scroll of acquirement
 12257 | D:11     | Reached skill level 12 in Invocations
 12447 | D:12     | Noticed Josephine
 12450 | D:12     | Killed Josephine
 12808 | D:12     | Reached skill level 10 in Armour
 12869 | D:12     | Found Koeblaol's Distillery.
 12878 | D:12     | Bought a potion of heal wounds for 80 gold pieces
 12878 | D:12     | Bought a potion of might for 64 gold pieces
 13118 | D:14     | Noticed Rupert
 13126 | D:14     | Killed Rupert
 13162 | D:13     | Noticed Kirke
 13179 | D:13     | Killed Kirke
 13219 | D:13     | Noticed Sonja
 13220 | D:13     | Noticed Sonja
 13220 | D:13     | Sonja changed into Sonja the hog
 13223 | D:13     | Killed Sonja the hog
 13340 | D:13     | Noticed Maurice
 13400 | D:13     | Killed Maurice
 13627 | D:14     | Reached skill level 13 in Invocations
 13913 | D:15     | Entered Level 15 of the Dungeon
 14151 | D:15     | Reached XP level 14. HP: 76/139 MP: 26/26
 15450 | Orc:1    | Entered Level 1 of the Orcish Mines
 15451 | Orc:1    | Upgraded the game from 0.21-a0-170-g0398fc9 to 0.21-a0-171-g0f4a3b6
 15567 | Orc:2    | Entered Level 2 of the Orcish Mines
 15582 | Orc:2    | Noticed Saint Roka
 16651 | Lair:2   | Learned a level 1 spell: Apportation
 16653 | Lair:2   | Learned a level 1 spell: Animate Skeleton
 16947 | Lair:2   | Reached skill level 14 in Invocations
 17166 | Lair:3   | Found a hole to the Spider Nest.
 17339 | Lair:3   | Got a twisted hand crossbow
 17340 | Lair:3   | Identified the +8 hand crossbow "Bigewnim" {venom, rF+} (You found it on level 3 of the Lair of Beasts)
 17913 | Lair:3   | Reached skill level 15 in Invocations
 18075 | Lair:4   | Reached skill level 1 in Axes
 18243 | Lair:5   | Found a labyrinth entrance.
 18253 | Lab      | Entered a labyrinth
 18519 | Lab      | Identified the Almanac of Frigorific Transmigration
 18526 | Lab      | Got a dazzling ring mail
 18532 | Lab      | Identified the +1 ring mail "Ycleochemi" {*Corrode rC++ Str-3 Dex+9} (You found it in a labyrinth)
 18878 | Lair:4   | Reached skill level 5 in Axes
 19386 | Lair:5   | Found a staircase to the Slime Pits.
 19389 | Lair:5   | Found a viscous altar of Jiyva.
 19444 | Lair:6   | Entered Level 6 of the Lair of Beasts
 19515 | Lair:5   | Reached XP level 15. HP: 125/148 MP: 29/29
 19891 | Lair:6   | Reached skill level 10 in Axes
 20137 | Lair:6   | Identified the +12 scythe of Koup {slice, +Rage +Fly rF+ Stlth-} (You found it on level 6 of the Lair of Beasts)
 20192 | Lair:6   | Reached skill level 1 in Polearms
 20558 | Lair:6   | Reached skill level 5 in Polearms
 21182 | Lair:1   | Learned a level 3 spell: Regeneration
 21904 | Orc:1    | Found a roughly hewn altar of Beogh.
 22017 | Orc:2    | Noticed Nessos
 22021 | Orc:2    | Killed Nessos
 22937 | Orc:2    | Found Epuoc's Armour Emporium.
 22937 | Orc:2    | Found Ewkebyfe's Jewellery Shop.
 22952 | Orc:2    | Bought an uncursed amulet of regeneration for 390 gold pieces
 23028 | Orc:2    | Reached skill level 1 in Evocations
 23109 | Orc:2    | Found a roughly hewn altar of Beogh.
 23122 | Orc:2    | Found Irregite's Magic Scroll Shop.
 23122 | Orc:2    | Found Yddoi's Food Emporium.
 23349 | Orc:2    | Bought a scroll of teleportation for 48 gold pieces
 23349 | Orc:2    | Bought a scroll of magic mapping for 56 gold pieces
 23549 | Orc:2    | Found a staircase to the Elven Halls.
 23644 | Elf:1    | Entered Level 1 of the Elven Halls
 23713 | Elf:1    | Reached skill level 10 in Polearms
 23741 | Elf:1    | Reached skill level 5 in Evocations
 23741 | Elf:1    | Reached XP level 16. HP: 129/157 MP: 30/30
 23847 | Elf:3    | Entered Level 3 of the Elven Halls
 23869 | Elf:2    | Found Awos's Magic Scroll Shop.
 23869 | Elf:2    | Noticed Asterion
 24181 | Elf:1    | Found Noxi's One-of-a-Kind Books.
 24700 | Elf:2    | Killed Asterion
 24754 | Elf:2    | Bought a scroll of teleportation for 57 gold pieces
 24754 | Elf:2    | Bought a scroll of acquirement for 988 gold pieces
 24766 | Elf:2    | :(
 25675 | Elf:2    | Reached skill level 15 in Polearms
 26543 | Elf:3    | Reached XP level 17. HP: 164/164 MP: 31/31
 26555 | Elf:3    | Noticed an Ice Fiend
 26698 | Elf:3    | Noticed a Brimstone Fiend
 27033 | Elf:2    | Found a huge runed gate.
 27033 | Elf:2    | Found a huge runed gate.
 27033 | Elf:2    | Found a huge runed gate.
 27063 | Elf:2    | Bought a scroll of blinking for 142 gold pieces
 27094 | Elf:3    | Noticed Gruesome's ghost (veteran FoFi)
 27275 | Elf:3    | http://crawl.xtahua.com/crawl/morgue/Gruesome/morgue-Gruesome-20170805-191829.txt
 27742 | Elf:3    | Noticed a deep elf blademaster
 27763 | Elf:3    | Killed a deep elf blademaster
 27934 | Elf:3    | Noticed a deep elf master archer
 27947 | Elf:3    | Killed a deep elf master archer
 28390 | Elf:3    | Cast into level 2 of the Abyss (a deep elf sorcerer)
 28845 | Abyss:3  | Found a corrupted altar of Lugonu.
 28858 | Abyss:3  | Found a corrupted altar of Lugonu.
 28954 | Abyss:3  | Noticed a tentacled starspawn
 28970 | Abyss:3  | Killed a tentacled starspawn
 29087 | Abyss:3  | Noticed a tentacled starspawn
 29236 | Abyss:3  | Gained mutation: You expend magic power (3 MP) to strengthen your wands. [a cacodemon]
 29248 | Abyss:3  | Noticed a tentacled starspawn
 29248 | Elf:3    | Escaped the Abyss
 29626 | Elf:2    | Reached XP level 18. HP: 162/171 MP: 32/32
 29744 | Elf:3    | Noticed a deep elf blademaster
 29758 | Elf:3    | Killed a deep elf blademaster
 29864 | Elf:3    | Cast into level 3 of the Abyss (a deep elf sorcerer)
 29966 | Abyss:3  | Noticed a lich
 29971 | Abyss:3  | Killed a lich
 29982 | Abyss:3  | Lost mutation: You have an increased reservoir of magic. (+10% MP) [a neqoxec]
 29983 | Abyss:3  | Gained mutation: Your spells are a little easier to cast, but a little less powerful. [a neqoxec]
 30162 | Elf:3    | Escaped the Abyss
 30185 | Elf:3    | Got a steaming leather armour
 30203 | Elf:2    | Identified the +1 leather armour of Boredom {MR++ Int-4} (You took it off a deep elf sorcerer on level 3 of the Elven Halls)
 30960 | Elf:3    | Noticed a deep elf blademaster
 30989 | Elf:3    | Killed a deep elf blademaster
 31165 | Elf:3    | Got a twitching ivory ring
 31167 | Elf:3    | Identified the ring of Cumoarr {rC+ Stlth+} (You took it off a deep elf elementalist on level 3 of the Elven Halls)
 31212 | Elf:3    | Noticed a deep elf blademaster
 31233 | Elf:3    | Killed a deep elf blademaster
 31463 | Elf:3    | Identified the Tome of the Dislocated Rocks
 31469 | Elf:3    | Learned a level 4 spell: Passage of Golubria
 31562 | Elf:3    | Identified the Volume of Flamy Curses
 31638 | Elf:3    | CRAP
 31846 | Orc:1    | Killed Saint Roka
 31971 | D:12     | Bought a potion of curing for 48 gold pieces
 31971 | D:12     | Bought a potion of heal wounds for 80 gold pieces
 31971 | D:12     | Bought a potion of heal wounds for 80 gold pieces
 32082 | Lair:1   | Upgraded the game from 0.21-a0-171-g0f4a3b6 to 0.21-a0-176-gb3d4b37
 32104 | Lair:2   | Reached XP level 19. HP: 178/178 MP: 30/30
 32163 | Lair:2   | Found a staircase to the Shoals.
 32182 | Shoals:1 | Entered Level 1 of the Shoals
 33029 | Shoals:2 | Noticed Louise
 33053 | Shoals:1 | Killed Louise
 33547 | Shoals:2 | Identified the +4 trident "Gram" {speed, rC++ Str+10} (You found it on level 2 of the Shoals)
 33950 | Shoals:3 | Noticed Aizul
 33960 | Shoals:2 | Killed Aizul
 34621 | Shoals:4 | Entered Level 4 of the Shoals
 35699 | Shoals:4 | Noticed Ilsuiw
 35888 | Shoals:4 | Reached skill level 1 in Spellcasting
 35919 | Shoals:4 | Reached XP level 20. HP: 185/192 MP: 31/31
 36156 | Shoals:4 | Reached skill level 10 in Dodging
 36201 | Shoals:3 | Killed Ilsuiw
 36853 | Shoals:4 | Got a barnacled rune of Zot
 37022 | Spider:1 | Entered Level 1 of the Spider Nest
 37450 | Spider:2 | Noticed Arachne
 37468 | Spider:2 | Killed Arachne
 37468 | Spider:2 | Reached skill level 5 in Spellcasting
 37481 | Spider:2 | Reached skill level 15 in Fighting
 37703 | Spider:2 | Found a frozen archway.
 37709 | IceCv    | Entered an ice cave
 37733 | IceCv    | Reached ****** piety under Qazlal
 38318 | Spider:3 | Noticed Jorgrun
 38320 | Spider:3 | Killed Jorgrun
 38888 | Spider:3 | Noticed Roxanne
 38915 | Spider:3 | Killed Roxanne
 38917 | Spider:3 | Identified Roxanne's Compendium of Transmutation (You took it off Roxanne on level 3 of the Spider Nest)
 38942 | Spider:4 | Entered Level 4 of the Spider Nest
 39628 | Spider:4 | Reached XP level 21. HP: 149/205 MP: 0/33
 39889 | Spider:4 | Got a gossamer rune of Zot
 40220 | Slime:1  | Entered Level 1 of the Pits of Slime
 40246 | Slime:1  | Paralysed by a great orb of eyes for 5 turns
 41039 | Slime:2  | Reached skill level 15 in Armour
 41895 | Slime:5  | Entered Level 5 of the Pits of Slime
 41922 | Slime:5  | Noticed the Royal Jelly
 42081 | Slime:4  | Lost mutation: You are very robust. (+20% HP) [a shining eye]
 42084 | Slime:4  | Gained mutation: Armour fits poorly on your strangely shaped body. [a shining eye]
 42179 | Slime:4  | Paralysed by a great orb of eyes for 2 turns
 42250 | Slime:5  | Paralysed by a great orb of eyes for 7 turns
 42713 | Slime:5  | Killed the Royal Jelly
 42851 | Slime:5  | Identified the ring "War Damp" {Wiz MR+} (You found it on level 5 of the Pits of Slime)
 42883 | Slime:5  | Got a slimy rune of Zot
 42889 | Slime:5  | Lost mutation: You have large cloven feet. [potion of mutation]
 42889 | Slime:5  | Lost mutation: You expend magic power (3 MP) to strengthen your wands. [potion of mutation]
 42889 | Slime:5  | Gained mutation: You tend to lose your temper in combat. [potion of mutation]
 42889 | Slime:5  | Lost mutation: You tend to lose your temper in combat. [potion of mutation]
 42890 | Slime:5  | Lost mutation: You are partially covered in iridescent scales. (AC +2) [potion of mutation]
 42890 | Slime:5  | Lost mutation: Armour fits poorly on your strangely shaped body. [potion of mutation]
 42890 | Slime:5  | Lost mutation: Your spells are a little easier to cast, but a little less powerful. [potion of mutation]
 42890 | Slime:5  | Gained mutation: You expend magic power (3 MP) to strengthen your wands. [potion of mutation]
 42890 | Slime:5  | Gained mutation: You are partially covered in icy blue scales. (AC +2) [potion of mutation]
 42900 | Slime:5  | Identified the cursed +1 robe of Umuet {Regen+ Int+4 Dex-4} (You found it on level 5 of the Pits of Slime)
 43220 | D:13     | Gained mutation: Your magical capacity is low. (-10% MP) [a neqoxec]
 43223 | D:13     | Reached XP level 22. HP: 181/202 MP: 31/31
 43279 | D:13     | Found a gate to the Vaults.
 43288 | D:13     | Reached skill level 1 in Charms
 43299 | Vaults:1 | Entered Level 1 of the Vaults
 43339 | Vaults:1 | Reached skill level 1 in Translocations
 43387 | Vaults:1 | Reached skill level 1 in Necromancy
 44068 | Vaults:1 | Reached skill level 5 in Translocations
 44091 | Vaults:1 | Reached skill level 5 in Charms
 44176 | Vaults:1 | Reached skill level 5 in Necromancy
 44560 | Vaults:2 | Noticed Lunath's ghost (adept HOBe)
 44890 | Vaults:2 | Found a portal to a secret trove of treasure.
 44893 | Vaults:2 | You showed the slimy rune of Zot to enter a treasure trove
 44894 | Trove    | Entered a treasure trove
 44929 | Trove    | WHAT A POOR TROVE
 45283 | Vaults:2 | 4thArraOfDagon: cant 1v1 bone dragon
 45283 | Vaults:2 | 4thArraOfDagon: :O
 45539 | Vaults:2 | Found a staircase to the Crypt.
 46280 | Vaults:3 | Reached XP level 23. HP: 107/212 MP: 32/32
 46596 | Vaults:3 | Found Oginiont's Armour Shoppe.
 46871 | Vaults:3 | Reached skill level 10 in Translocations
 47160 | Vaults:4 | Goblin1989: hm
 47172 | Vaults:4 | Reached skill level 10 in Evocations
 47189 | Vaults:4 | Goblin1989: str=dex=int=7
 47224 | Vaults:4 | Goblin1989: wtf&
 47227 | Vaults:4 | Goblin1989: wtf?
 47227 | Vaults:4 | 4thArraOfDagon: haha ya
 47227 | Vaults:4 | 4thArraOfDagon: its so terrible
 47227 | Vaults:4 | 4thArraOfDagon: it might look easy game
 47227 | Vaults:4 | 4thArraOfDagon: but
 47227 | Vaults:4 | 4thArraOfDagon: against high-ac, high hp enemies its so horrible damage
 47233 | Vaults:4 | Found Hitib's Antique Weapon Emporium.
 47465 | Vaults:4 | 4thArraOfDagon: i will have to
 47465 | Vaults:4 | 4thArraOfDagon: switch to tso
 47465 | Vaults:4 | 4thArraOfDagon: and spam his holy blast in hells and pan
 47465 | Vaults:4 | Goblin1989: Is this a new version of gnolls? Their new feature?
 47465 | Vaults:4 | 4thArraOfDagon: yea
 47465 | Vaults:4 | 4thArraOfDagon: fixed stats
 47465 | Vaults:4 | 4thArraOfDagon: and +3 on all appts
 47691 | Vaults:4 | Goblin1989: It looks pretty interesting. We need to try to play them!
 47971 | Vaults:4 | Found Mixkycwa's Gadget Boutique.
 48206 | Vaults:5 | Entered Level 5 of the Vaults
 48208 | Vaults:5 | Noticed Frederick
 48282 | Vaults:4 | 4thArraOfDagon: unfortunetly
 48282 | Vaults:4 | 4thArraOfDagon: it is not
 48282 | Vaults:4 | 4thArraOfDagon: you end up playing and skilling like minotaur
 48282 | Vaults:4 | 4thArraOfDagon: except with crappier stats
 48282 | Vaults:4 | 4thArraOfDagon: because spells with int7 are worthless
 48282 | Vaults:4 | 4thArraOfDagon: no power, overwhelming hunger
 48282 | Vaults:4 | 4thArraOfDagon: :)
 48340 | Vaults:5 | Noticed an ancient lich
 48443 | Vaults:5 | Cast into level 2 of the Abyss (a deep elf demonologist)
 48623 | Abyss:2  | Reached skill level 16 in Invocations
 48684 | Abyss:2  | 4thArraOfDagon: cant wait for dramatic meltdown
 48689 | Abyss:2  | Found a corrupted altar of Lugonu.
 48750 | Vaults:5 | Escaped the Abyss
 48755 | Vaults:5 | Reached XP level 24. HP: 108/223 MP: 25/25
 48917 | Vaults:5 | Killed Frederick
 49038 | Vaults:5 | Reached skill level 17 in Invocations
 49128 | Vaults:5 | Paralysed by a sphinx for 7 turns
 49498 | Vaults:5 | Reached skill level 18 in Invocations
 49950 | Vaults:5 | Reached skill level 19 in Invocations
 50100 | Vaults:5 | Identified the +3 buckler "Usiprih" {*Corrode rElec rC+ Stlth+} (You took it off an orc warrior on level 5 of the Vaults)
 50694 | Vaults:5 | Killed an ancient lich
 50694 | Vaults:5 | Reached skill level 20 in Invocations
 50722 | Vaults:5 | Reached XP level 25. HP: 48/231 MP: 33/33
 50754 | Vaults:5 | Got a twitching steel ring
 51090 | Vaults:5 | Identified Heliz's Incunabulum of Mutagenic Curses
 51393 | Vaults:5 | Identified the Volume of Damaging Shape Shifting
 51451 | Vaults:5 | Got a silver rune of Zot
 51457 | Vaults:5 | Identified the Papyrus of Weightlessness and Bewitchment
 51488 | Vaults:5 | Identified the ring "Qirghu" {rF++ AC+1} (You took it off a vault guard on level 5 of the Vaults)
 51638 | Vaults:2 | Reached skill level 21 in Invocations
 51963 | Temple   | Entered the Ecumenical Temple
 51996 | Temple   | Fell from the grace of Qazlal
 51996 | Temple   | Became a worshipper of the Shining One
 52403 | Crypt:1  | Entered Level 1 of the Crypt
 52405 | Crypt:1  | Reached * piety under the Shining One
 52437 | Crypt:1  | Noticed a shard shrike
 52464 | Crypt:1  | Found a magical portal.
 52483 | Crypt:1  | Paralysed by a vampire knight for 4 turns
 52507 | Crypt:1  | Reached ** piety under the Shining One
 52741 | Crypt:1  | Noticed a shard shrike
 52794 | Crypt:1  | Reached *** piety under the Shining One
 52826 | WizLab   | Entered Wucad Mu's Monastery
 52845 | WizLab   | Noticed a shard shrike
 52971 | Crypt:1  | Killed a shard shrike
 53242 | Crypt:1  | Killed a shard shrike
 53378 | Crypt:1  | Reached **** piety under the Shining One
 53468 | Crypt:1  | Reached skill level 10 in Spellcasting
 53614 | Crypt:1  | Reached ***** piety under the Shining One
 53950 | Crypt:1  | Found a basalt altar of Yredelemnul.
 53983 | Crypt:1  | Identified the Catalogue of Summoning and Cold
 54253 | Crypt:2  | Reached skill level 22 in Invocations
 54363 | Crypt:2  | Reached ****** piety under the Shining One
 54378 | Crypt:2  | Noticed a shard shrike
 54484 | Crypt:2  | Killed a shard shrike
 54502 | Crypt:2  | Identified a +7 trishula of holy wrath (a +5 vampiric demon trident blessed by the Shining One)
 54502 | Crypt:2  | Received a gift from the Shining One
 54741 | Crypt:3  | Entered Level 3 of the Crypt
 55063 | Crypt:3  | Noticed an ancient lich
 55095 | Crypt:3  | Killed an ancient lich
 55101 | Crypt:3  | Noticed an ancient lich
 55113 | Crypt:3  | Cast into level 5 of the Abyss (an ancient lich)
 55113 | Abyss:5  | Entered Level 5 of the Abyss
 55122 | Abyss:5  | Found a shattered altar of Ashenzari.
 55153 | Crypt:3  | Escaped the Abyss
 55162 | Crypt:3  | Killed an ancient lich
 55162 | Crypt:3  | Reached skill level 15 in Translocations
 55162 | Crypt:3  | Reached XP level 26. HP: 239/239 MP: 34/34
 55176 | Crypt:3  | Identified the ring "Mebireps" {MP+9 Str+2 Stlth+} (You found it on level 3 of the Crypt)
 55177 | Crypt:3  | Identified the Guide on Shifting Sinister Secrets
 55345 | Crypt:3  | Found a staircase to the Tomb.
 55504 | Crypt:2  | Was forgiven by Qazlal
 55764 | Tomb:1   | Entered Level 1 of the Tomb of the Ancients
 55886 | Tomb:1   | Paralysed by a sphinx for 7 turns
 55905 | Tomb:1   | Reached skill level 23 in Invocations
 55916 | Tomb:1   | Paralysed by a sphinx for 6 turns
 55935 | Tomb:1   | Paralysed by a sphinx for 6 turns
 56228 | Tomb:1   | Noticed a greater mummy
 56245 | Tomb:1   | Killed a greater mummy
 56469 | Tomb:1   | Noticed a greater mummy
 56479 | Tomb:1   | Killed a greater mummy
 56487 | Tomb:1   | Noticed a greater mummy
 56529 | Tomb:1   | Killed a greater mummy
 56862 | Tomb:2   | Noticed an ancient lich
 56862 | Tomb:2   | Noticed a greater mummy
 56871 | Tomb:2   | Killed a greater mummy
 56873 | Tomb:2   | Noticed Mara
 56876 | Tomb:2   | Noticed a greater mummy
 56966 | Tomb:2   | Noticed a greater mummy
 56967 | Tomb:2   | Noticed heinrich's ghost (master BaWn)
 57134 | Tomb:2   | Reached skill level 24 in Invocations
 57221 | Tomb:2   | Killed an ancient lich
 57242 | Tomb:2   | Noticed 4thArraOfDagon's illusion
 57312 | Tomb:2   | Killed Mara
 57312 | Tomb:2   | Killed a greater mummy
 57313 | Tomb:2   | Killed heinrich's ghost
 57326 | Tomb:2   | Killed a greater mummy
 57326 | Tomb:2   | HP: 10/235 [greater mummy's death curse (32)]
 57431 | Tomb:2   | Reached skill level 25 in Invocations
 57706 | Tomb:1   | Noticed a greater mummy
 57711 | Tomb:1   | Noticed a greater mummy
 57717 | Tomb:1   | Killed a greater mummy
 57724 | Tomb:1   | Killed a greater mummy
 57757 | Tomb:1   | Noticed a greater mummy
 57770 | Tomb:1   | Killed a greater mummy
 57913 | Tomb:1   | Noticed a greater mummy
 57927 | Tomb:1   | Killed a greater mummy
 57954 | Tomb:1   | Noticed a greater mummy
 57968 | Tomb:1   | Killed a greater mummy
 57968 | Tomb:1   | Reached XP level 27. HP: 102/243 MP: 35/35
 58067 | Tomb:1   | Noticed a greater mummy
 58071 | Tomb:1   | Noticed a greater mummy
 58071 | Tomb:1   | Noticed a greater mummy
 58074 | Tomb:1   | Killed a greater mummy
 58078 | Tomb:1   | Noticed a greater mummy
 58080 | Tomb:1   | Noticed a greater mummy
 58083 | Tomb:1   | Killed a greater mummy
 58083 | Tomb:1   | Reached skill level 26 in Invocations
 58086 | Tomb:1   | Noticed a greater mummy
 58086 | Tomb:1   | Killed a greater mummy
 58088 | Tomb:1   | Killed a greater mummy
 58356 | Tomb:1   | Killed a greater mummy
 58487 | Tomb:1   | Noticed a greater mummy
 58506 | Tomb:1   | Killed a greater mummy
 58564 | Tomb:1   | Killed a greater mummy
 58575 | Tomb:1   | Noticed a greater mummy
 58598 | Tomb:1   | Killed a greater mummy
 58620 | Tomb:1   | Noticed a greater mummy
 58656 | Tomb:1   | Killed a greater mummy
 58756 | Tomb:1   | Noticed a greater mummy
 58767 | Tomb:1   | Killed a greater mummy
 58767 | Tomb:1   | Reached skill level 27 in Invocations
 58783 | Tomb:1   | Noticed a greater mummy
 58811 | Tomb:1   | Killed a greater mummy
 58910 | Tomb:1   | Noticed a greater mummy
 58920 | Tomb:1   | Noticed a greater mummy
 58921 | Tomb:1   | Killed a greater mummy
 58923 | Tomb:1   | Noticed a greater mummy
 58928 | Tomb:1   | Killed a greater mummy
 58932 | Tomb:1   | Noticed a greater mummy
 58933 | Tomb:1   | Killed a greater mummy
 58936 | Tomb:1   | Killed a greater mummy
 58937 | Tomb:1   | Noticed a greater mummy
 58940 | Tomb:1   | Killed a greater mummy
 59100 | Tomb:1   | Noticed a greater mummy
 59108 | Tomb:1   | Killed a greater mummy
 59452 | Tomb:2   | Cast into level 5 of the Abyss (a Zot trap)
 59452 | Abyss:5  | Entered Level 5 of the Abyss
 59452 | Abyss:5  | Found a corrupted altar of Lugonu.
 59801 | Tomb:2   | Escaped the Abyss
 59908 | Tomb:3   | Entered Level 3 of the Tomb of the Ancients
 59919 | Tomb:3   | Identified the amulet "Xezogim" {Reflect rC+ Str+3 SH+3} (You found it on level 3 of the Tomb of the Ancients)
 59921 | Tomb:3   | Identified the ring "Fuetz" {rC+ SInv} (You found it on level 3 of the Tomb of the Ancients)
 59936 | Tomb:3   | Learned a level 2 spell: Blink
 59936 | Tomb:3   | Identified Ywapsilocla's Catalogue of Translocation and Malediction
 59975 | Tomb:3   | Noticed a greater mummy
 59984 | Tomb:3   | Noticed a greater mummy
 60057 | Tomb:3   | Noticed a greater mummy
 60074 | Tomb:3   | Killed a greater mummy
 60116 | Tomb:3   | Noticed a greater mummy
 60257 | Tomb:3   | Noticed a greater mummy
 60260 | Tomb:3   | Noticed a greater mummy
 60260 | Tomb:3   | Noticed a greater mummy
 60264 | Tomb:3   | Got a golden rune of Zot
 60275 | Tomb:3   | Noticed a greater mummy
 60282 | Tomb:3   | HP: 11/252 [emperor scorpion[a greater mummy] (2)]
 60282 | Tomb:3   | The Shining One protects you from harm!
 60283 | Tomb:2   | Succumbed to an emperor scorpion's poison

Vault maps used:
D:1:      saegor_arrival_simple_d
D:2:      serial_glass, glass_columns_b, glass_columns_a, feat_on_display,
          minmay_strange_pillars, item_on_display_a, item_on_display_a,
          chequers_ecumenical_altar_simple_redux
D:3:      nicolae_overflow_crystal_walls, portal_sewer_entry_d, feat_on_display
D:4:      minmay_temple_entry_hall, uniq_grinder
D:5:      first_bread, kennysheep_big_empty_room, minmay_misc_feat_room,
          roderic_bali_sauvastika, lightli_minifort
D:7:      enter_bailey_3
D:8:      lair_entry_dummy, grunt_livestock, minivault_22,
          kennysheep_kite_vault, uniq_pikel, uniq_psyche
D:9:      serial_shops, nicolae_shop_behind_doors, shop, shop,
          amethyst_killhole, grunt_decor_arrowhead
D:10:     hangedman_screamer, basic_altar, uniq_nergalle, uniq_erolcha
D:11:     orc_0_dummy, patterned_corridor
D:12:     serial_shops, shop_statue, uniq_josephine
D:13:     grunt_vaults_entry_fortified, uniq_kirke, uniq_maurice, uniq_sonja
D:14:     cheibrodos_frozen_isle, serial_column_ruins, column_ruins_open_large,
          column_ruins_open_medium, column_ruins_corridor_corner,
          column_ruins_open_tiny, column_ruins_open_small,
          column_ruins_open_small, kennysheep_boxes, uniq_rupert
D:15:     grunt_enter_depths_magical_seal
Temple:   compressed_dpeg_circular_temple
Lair:1:   lemuel_fruit_tree
Lair:2:   dragon1_lemuel, minmay_shoals_entry_hut, minmay_hedge_maze,
          minmay_stone_trees_small
Lair:3:   dummy_spider_entry, grunt_megastairs_1
Lair:5:   slime_altar_1, lab_entry_generic, serial_bayou_pond_d
Lair:6:   minmay_lair_end_enchanted_forest, minivault_27,
          minmay_lair_oklob_bushes, serial_bayou_pond_a,
          infiniplex_staircase_pool
Shoals:2: uniq_louise
Shoals:3: overgrown_hall, uniq_aizul
Shoals:4: shoals_end_grunt_garden, shoal_ilsuiw
Spider:2: portal_ice_cave_entry_pillars_1, uniq_arachne
Spider:3: uniq_jorgrun, uniq_roxanne
Spider:4: grunt_spider_rune_parallel
Slime:4:  nicolae_slime_welcoming_committee
Orc:1:    basic_altar
Orc:2:    st_orc_town, uniq_saint_roka, uniq_nessos
Elf:1:    hangedman_elf_disciples, nicolae_rare_books
Elf:2:    serial_shops, shop, lemuel_elevator, uniq_azrael, uniq_asterion
Elf:3:    minmay_elf_hall_four_x, special_room, st_stairs_9
Vaults:1: v_misc_32, st_smaller_cells, hangedman_vaults_cutoff, v_rooms_5,
          v_misc_22, vaults_mumra_chevron, v_misc_4, vaults_room_hallway,
          nicolae_vaults_little_squares_2, vaults_mumra_minichess_inversion,
          nicolae_vaults_sealed_display, vaults_room_door_ring
Vaults:2: nicolae_vaults_network_square, vaults_room_pool,
          nicolae_vaults_specimen_jars, nicolae_vaults_network_periphery,
          minmay_crypt_entry_nasty_monster, grunt_vaults_funnel,
          ontoclasm_vaults_echo, v_misc_23, serial_shops, shop,
          trove_entry_hex_spiral
Vaults:3: v_misc_30, dpeg_vaults_monster_box, vaults_standard_mumra_lines,
          v_misc_13, vaults_room_pools, v_misc_15, nicolae_vaults_triangles,
          ontoclasm_vaults_shout, vaults_mumra_hex, v_misc_23,
          nicolae_vaults_network_s
Vaults:4: v_pattern_3, vaults_mumra_hexcomb, grunt_vaults_diagonal,
          vaults_dpeg_cross, nicolae_vaults_border_crossing,
          grunt_vaults_hallway_short, hangedman_vaults_snaps,
          hangedman_vaults_maws, v_alt_pattern_1, serial_shops, shop,
          shop_fountains
Vaults:5: uniq_frederick
Crypt:1:  gammafunk_crypt_yreds_forest, mu_enter_wizlab_1,
          palyth_stone_intersect
Crypt:2:  grunt_ministairs_11, wad_floor_pattern_untrapped
Crypt:3:  david_glass_crypt
Tomb:2:   uniq_mara
Abyss:2:  hangedman_summoners_spam
Abyss:3:  minivault_24, minivault_28, grunt_abyss_rune_forest_and_sorcery,
          evilmike_abyss_exit_vortex
Abyss:5:  evilmike_abyss_exit_11, hangedman_abyss_shoalhut,
          evilmike_nicolae_abyss_rune_betentacled_crabyss,
          evilmike_abyss_exit_11, grunt_abyss_rune_wretched_hive
Lab:      labyrinth_lava_lair, nicolae_lab_grate_2, nicolae_lab_blocks,
          nicolae_lab_grate
Trove:    trove_wands_scrolls
Sewer:    sewer_the_crocodile
Bailey:   bailey_axe_bossmonster_kennysheep, bailey
IceCv:    ice_cave_small_demon
WizLab:   wizlab_wucad

Skill      XL: |  1  2  3  4  5  6  7  8  9 10 11 12 13 14 15 16 17 18 19 20 21 22 23 24 25 26 27 |
---------------+----------------------------------------------------------------------------------+-----
Fighting       | 3 4 5 6 7 9 10 11 12 13 14 16 18 19 20 24 | 24.0
Throwing       | 6 7 8 9 10 11 13 17 18 19 20 21 | 21.0
Invocations    | 2 4 5 7 9 11 13 15 16 20 22 25 27 | 27.0
Armour         | 3 6 8 9 10 11 12 14 16 17 18 20 | 20.3
Dodging        | 4 7 8 9 12 13 | 13.1
Axes           | 7 10 | 10.9
Polearms       | 10 16 20 23 25 | 25.5
Evocations     | 5 6 7 11 | 11.1
Spellcasting   | 1 8 9 11 12 | 12.5
Charms         | 7 |  7.0
Translocations | 8 11 15 16 | 16.4
Necromancy     | 6 |  6.8
Stealth        | |  1.2

Action                   |  1- 3 |  4- 6 |  7- 9 | 10-12 | 13-15 | 16-18 | 19-21 | 22-24 | 25-27 || total
-------------------------+-------+-------+-------+-------+-------+-------+-------+-------+-------++-------
Melee: Short sword       |   149 |   146 |       |       |       |       |       |       |       ||   295
       Bite              |     3 |     6 |    14 |    20 |    82 |    47 |    84 |   145 |   110 ||   511
       Mace              |       |    55 |       |       |       |       |       |       |       ||    55
       Whip              |       |    44 |   312 |   193 |       |       |       |       |       ||   549
       Rapier            |       |       |       |   141 |   677 |       |       |       |       ||   818
       Kick              |       |       |       |       |    45 |       |       |       |       ||    45
       Scimitar          |       |       |       |       |    70 |       |       |       |       ||    70
       Battleaxe         |       |       |       |       |   461 |       |       |       |       ||   461
       Scythe            |       |       |       |       |   309 |  1263 |  2175 |   776 |  1042 ||  5565
       Glaive            |       |       |       |       |       |       |    52 |  1709 |       ||  1761
       Trishula          |       |       |       |       |       |       |       |       |  1104 ||  1104
 Fire: Blowgun           |     8 |    16 |    77 |       |     5 |       |       |       |       ||   106
Throw: Javelin           |    40 |     1 |    15 |     6 |    45 |       |     6 |       |       ||   113
       Throwing net      |     5 |     1 |       |       |     2 |       |       |       |       ||     8
       Tomahawk          |       |       |    40 |   520 |   159 |       |    27 |       |       ||   746
 Cast: Passage of Golubr |       |       |       |       |       |       |       |       |     2 ||     2
       Apportation       |       |       |       |       |       |       |       |       |     1 ||     1
Invok: Upheaval          |       |       |    10 |    12 |    24 |    14 |    22 |     6 |       ||    88
       Elemental Force   |       |       |       |       |    14 |     5 |     3 |     7 |     2 ||    31
       Disaster Area     |       |       |       |       |       |       |     3 |     3 |       ||     6
       Cleansing Flame   |       |       |       |       |       |       |       |       |    65 ||    65
       Summon Divine War |       |       |       |       |       |       |       |       |     8 ||     8
       Brand Weapon With |       |       |       |       |       |       |       |       |     1 ||     1
       Divine Shield     |       |       |       |       |       |       |       |       |     1 ||     1
 Abil: Evoke Berserk Rag |       |       |       |       |     1 |    49 |    10 |    12 |    13 ||    85
       Stop Flying       |       |       |       |       |       |     1 |       |       |     1 ||     2
       Evoke Flight      |       |       |       |       |       |       |       |       |     1 ||     1
Evoke: Wand              |       |       |     2 |     3 |    14 |     1 |     4 |     3 |     4 ||    31
       Sack of spiders   |       |       |       |       |       |     1 |       |       |       ||     1
       Box of beasts     |       |       |       |       |       |       |     3 |       |     2 ||     5
       Lamp of fire      |       |       |       |       |       |       |       |     1 |       ||     1
  Use: Potion            |     4 |       |     1 |     2 |     8 |    15 |     5 |     6 |     5 ||    46
       Scroll            |     3 |     4 |     9 |     6 |    25 |    23 |    29 |    13 |    23 ||   135
 Stab: Sleeping          |     1 |       |       |       |       |       |       |       |       ||     1
       Distracted        |       |       |       |       |     1 |     1 |       |     3 |       ||     5
  Eat: Chunk             |     1 |     7 |    13 |     4 |    19 |    25 |    14 |    18 |       ||   101
       Royal jelly       |       |       |     2 |     4 |     5 |     2 |     6 |     2 |     4 ||    25
       Fruit             |       |       |       |     2 |    17 |     6 |       |     4 |     5 ||    34
       Meat ration       |       |       |       |     1 |     2 |     6 |       |       |       ||     9
       Bread ration      |       |       |       |       |       |     3 |     7 |     2 |    13 ||    25
Armor: Leather armour    |    52 |       |       |       |       |    26 |       |       |       ||    78
       Skin              |    87 |       |       |       |       |       |       |       |       ||    87
       Scale mail        |    50 |   156 |   169 |   188 |   296 |       |       |       |       ||   859
       Ring mail         |       |       |       |       |   264 |   313 |       |       |       ||   577
       Chain mail        |       |       |       |       |       |    13 |   772 |       |       ||   785
       Plate armour      |       |       |       |       |       |       |   408 |  1014 |  1229 ||  2651
Dodge: Dodged            |   154 |   107 |   302 |   308 |  1375 |   857 |   957 |   484 |   942 ||  5486
       Deflected         |       |       |       |     1 |    18 |    34 |    83 |    42 |     5 ||   183
Block: Other             |       |     5 |    46 |   110 |   518 |   201 |   546 |   469 |    37 ||  1932
       Rpst.: Scimitar   |       |       |       |       |    23 |       |       |       |       ||    23
